 Dungeon Crawl Stone Soup version 0.30-a0-241-g1121274140 (webtiles) character file.

Game seed: 7180078707687783715

191 BlueGoblin the Grave Robber (level 5, -4/35 HPs)
             Began as a Mummy Necromancer on Oct 11, 2022.
             Slain by a gnoll bouda
             ... wielding a +0 club
              (7 damage)
             ... on level 3 of the Dungeon.
             The game lasted 00:07:58 (3632 turns).

BlueGoblin the Grave Robber (Mummy Necromancer)     Turns: 3632, Time: 00:07:58

Health: -4/35      AC:  6    Str: 11    XL:     5   Next: 42%
Magic:  1/11       EV: 12    Int: 16    God:
Gold:   225        SH:  0    Dex: 13    Spells: 4/12 levels left

rFire   x . .      SeeInvis .    l - +0 dagger (venom)
rCold   + . .      Faith    +    (no shield)
rNeg    + + +      Spirit   .    a - +0 robe
rPois   ∞          Reflect  .    h - +1 helmet
rElec   .          Harm     .    j - +0 cloak
rCorr   .          Rampage  .    d - +0 pair of gloves
Will    .....                    (no boots)
Stlth   ++........               (no amulet)
HPRegen 0.25/turn                (no ring)
MPRegen 0.12/turn                (no ring)

@: very slightly contaminated
A: cold resistance 1, negative energy resistance 3, torment resistance 2, heat
vulnerability 1, in touch with death 1, no potions, faith
a: no special abilities


You were on level 3 of the Dungeon.
You visited 1 branch of the dungeon, and saw 4 of its levels.

You collected 225 gold pieces.

Inventory:

Hand Weapons
 e - a +0 whip
 i - a +0 short sword
 l - a +0 dagger of venom (weapon)
 m - a +0 rapier
Armour
 a - a +0 robe (worn)
 d - a +0 pair of gloves (worn)
 h - a +1 helmet (worn)
 j - a +0 cloak (worn)
Jewellery
 k - a ring of ice
Wands
 c - a wand of digging (7)
Scrolls
 b - a scroll of torment
 f - a scroll of identify
 g - a scroll of vulnerability


   Skills:
 + Level 0.2 Fighting
 + Level 1.6 Dodging
 - Level 1.5 Stealth
 + Level 4.3 Spellcasting
 * Level 6.0 Necromancy


You had 4 spell levels left.
You knew the following spells:

 Your Spells              Type           Power      Damage    Failure   Level
a - Vampiric Draining     Necr           34%        2d8       4%          3
q - Necrotise             Necr           100%       1d9       1%          1
z - Animate Dead          Necr           34%        N/A       14%         4

Your spell library contained the following spells:

 Spells                   Type           Power      Damage    Failure   Level
 Kindle Blastsparks       Fire/Tloc/Air  6%         2d10      43%         3
 Portal Projectile        Hex/Tloc       6%         N/A       43%         3
 Tukima's Dance           Hex            3%         N/A       43%         3
 Fulminant Prism          Conj/Hex       1%         3d6       85%         4
 Iskenderun's Mystic Bla  Conj/Tloc      3%         2d3       85%         4
 Agony                    Necr           34%        N/A       36%         5
 Lee's Rapid Deconstruct  Erth           1%         3d5*      99%         5
 Blade Hands              Tmut           Unusable   N/A       N/A         5

Dungeon Overview and Level Annotations

Branches:
Dungeon (4/15)
 Temple: D:4-7

Altars:
Cheibriados

Annotations:
D:4 Dowan, Duvessa


Innate Abilities, Weirdness & Mutations

You are immune to poison.
Your flesh is cold resistant. (rC+)
You are immune to negative energy. (rN+++)
You are immune to unholy pain and torment.
You are vulnerable to heat. (rF-)
You are in touch with the powers of death.
You do not drink.
You have a special connection with the divine. (Faith)


Message History

Confirm with . or Enter, or press ? or * to list all spells.
Okay, then.
Unknown command.
You hit the gnoll.
You kill the gnoll!
The gnoll barely misses you.
Casting: Animate Dead (quite dangerous; 14% risk of failure)
Confirm with . or Enter, or press ? or * to list all spells.
Aiming: Necrotise (safe; 1% risk of failure)
Press: ? - help, Shift-Dir - straight line, f - gnoll bouda
Aim: a gnoll bouda, wielding a +0 club and wearing a +0 leather armour (chance to affect: 83%)
You feel a surge of power!
The gnoll bouda writhes in agony!
The gnoll hits you from afar with a +0 spear.
Your gnoll skeleton closely misses the gnoll.
Unknown command.
The gnoll bouda closely misses you.
The gnoll hits you from afar with a +0 spear.
Something hits your gnoll skeleton!
Your gnoll skeleton is destroyed!
The gnoll hits you from afar with a +0 spear.
There is a stone staircase leading up here.
The gnoll bouda hits you with a +0 club!
* * * LOW HITPOINT WARNING * * *
The gnoll hits you but does no damage.
You climb upwards.
There is a stone staircase leading down here.
Unknown command.
Unknown command.
Casting: Necrotise (safe; 1% risk of failure)
Confirm with . or Enter, or press ? or * to list all spells.
Okay, then.
You can't drink.
Unknown command.
Unknown command.
Okay, then.
Unknown command.
You barely miss the gnoll bouda.
The gnoll bouda is moderately wounded.
The gnoll bouda hits you with a +0 club!
You die...

._.......#######...........######
.........# #..#...............
........<# #.##........#######
....###..# ##.##.#........# ....#
#..# ##.....#####.##.# ....###.##
##...#### #...##.## #......##
##(..#######.###⌠.⌠## #
###########......))....# ##...###
######..........@.##########.....
#...........#####g.........##..>.
#...........# ########....##⌠.⌠
#...........# #.....####
#..........## #.........
#..........# #.......[.
#..........# ##########
#..........# #...>).....#


You could see a gnoll bouda.

Vanquished Creatures
  A jelly (D:4)
  4 gnolls
  2 adders (D:2)
  An ufetubus (D:3)
  3 worms
  2 dart slugs
  9 ball pythons
  2 endoplasms
  5 giant cockroaches
  3 goblins
  6 hobgoblins
  5 jackals
  2 quokkas
  6 bats
  2 frilled lizards (D:1)
  8 kobolds
  4 rats
65 creatures vanquished.

Vanquished Creatures (collateral kills)
  A gnoll (D:3)
  A jackal (D:1)
2 creatures vanquished.

Vanquished Creatures (others)
  A giant cockroach zombie (D:4)
1 creature vanquished.

Grand Total: 68 creatures vanquished

Notes
Turn   | Place    | Note
-------+----------+-------------------------------------------
     0 | D:1      | BlueGoblin the Mummy Necromancer began the quest for the
                  | Orb.
     0 | D:1      | Reached XP level 1. HP: 13/13 MP: 4/4
   275 | D:1      | Reached XP level 2. HP: 19/19 MP: 1/5
  1412 | D:2      | Gained mutation: You are in touch with the powers of death.
                  | [Mummy growth]
  1412 | D:2      | Reached XP level 3. HP: 24/24 MP: 1/7
  1559 | D:2      | Reached skill level 5 in Necromancy
  2058 | D:2      | Learned a level 3 spell: Vampiric Draining
  2414 | D:3      | Found a snail-covered altar of Cheibriados.
  2418 | D:3      | Reached XP level 4. HP: 30/30 MP: 5/9
  3289 | D:4      | Noticed Duvessa
  3289 | D:4      | Noticed Dowan
  3345 | D:3      | Learned a level 4 spell: Animate Dead
  3483 | D:4      | Reached skill level 6 in Necromancy
  3483 | D:4      | Reached XP level 5. HP: 35/35 MP: 4/11
  3632 | D:3      | Slain by a gnoll bouda

Illustrated notes

Levels and vault maps discovered:
D:1:      minmay_arrival_doors, layout_loops_ring, serial_glass,
          glass_columns_b, glass_columns_c, minmay_misc_feat_four_crosses
D:2:      layout_loops_cross
D:3:      layout_rooms, slow_altar_1, kennysheep_nondescript, minivault_4,
          grunt_ministairs_8
D:4:      layout_basic, serial_shops, shop, serial_glass, glass_columns_c,
          glass_columns_a, glass_columns_a, glass_columns_b, glass_columns_a,
          glass_columns_b, glass_columns_b, glass_columns_c, uniq_duvessa

Skill      XL: |  1  2  3  4 |
---------------+-------------+-----
Spellcasting   | 3 4 |  4.3
Necromancy     | 5 6 |  6.0
Fighting       | |  0.2
Dodging        | |  1.6
Stealth        | |  1.5

Action                   |  1- 3 |  4- 6 || total
-------------------------+-------+-------++-------
Melee: Unarmed           |     4 |       ||     4
       Whip              |     5 |       ||     5
       Dagger            |     3 |    16 ||    19
 Cast: Necrotise         |    75 |    46 ||   121
       Animate Dead      |       |     1 ||     1
  Use: Scroll            |     6 |     1 ||     7
Armor: Robe              |     9 |    15 ||    24
Dodge: Dodged            |    15 |    37 ||    52

Table legend: (Time is in decaauts)
 A = Elapsed time spent in this place.
 B = Non-inter-level travel time spent in this place.
 C = Inter-level travel time spent in this place.
 D = Time resting spent in this place.
 E = Time spent auto-exploring this place.
 F = Levels seen in this place.
 G = Mean time per level.
                   A        B        C        D        E       F      G
               +--------+--------+--------+--------+--------+-----+--------+
         Total |   3635 |   3343 |    292 |    312 |   2511 |   4 |  908.8 |
       Dungeon |   3635 |   3343 |    292 |    312 |   2511 |   4 |  908.8 |
               +--------+--------+--------+--------+--------+-----+--------+

Top non-repeatable levels by time:
     D:2: 1366 daAuts
     D:1: 1044 daAuts
     D:3: 952 daAuts
     D:4: 272 daAuts
